 Dungeon Crawl Stone Soup version 0.29.1-15-g9cfb28693d (webtiles) character file.

Game seed: 16418487374484090161

8463 redmage the Geomancer (level 11, 0/74 HPs)
             Began as a Meteoran Earth Elementalist on Sept 8, 2023.
             Was a Believer of Sif Muna.
             Slain by a boulder beetle (29 damage)
             ... on level 11 of the Dungeon.
             The game lasted 00:38:20 (2425 turns).

redmage the Geomancer (Meteoran Earth Elementalist) Turns: 2425, Time: 00:38:21

Health: 0/74       AC:  6    Str: 11    XL:     11   Next: 86%
Magic:  8/26       EV: 12    Int: 21    God:    Sif Muna [**....]
Gold:   249        SH:  5    Dex: 14    Spells: 10/30 levels left

rFire   . . .      SeeInvis .   t - staff of earth
rCold   . . .      Faith    .   (no shield)
rNeg    . . .      Spirit   .   x - +1 leather armour {Will+}
rPois   .          Reflect  +   (no helmet)
rElec   .          Harm     .   (no cloak)
rCorr   .          Rampage  .   (no gloves)
Will    ++...                   j - +1 pair of boots
Stlth   +.........              u - amulet of reflection
HPRegen 0.22/turn               (no ring)
MPRegen 0.20/turn               (no ring)

@: channelling, freezing walls, glowing
A: sense surroundings 2, otherworldly, glowing, explore regen
a: Renounce Religion, Channel Magic


You were on level 11 of the Dungeon.
You worshipped Sif Muna.
Sif Muna was pleased with you.
You visited 3 branches of the dungeon, and saw 14 of its levels.

You collected 249 gold pieces.

Inventory:

Hand Weapons
 k - the +7 mace of a ziggurat {vorpal, rCorr}
   (You found it on level 4 of the Dungeon)

   It inflicts extra damage upon your enemies.
   rCorr:     It protects you from acid and corrosion.
Missiles
 p - a curare-tipped dart
Armour
 j - a +1 pair of boots (worn)
 x - a +1 leather armour of willpower (worn)
 z - +0 acid dragon scales
Magical Staves
 f - a staff of poison
 g - a staff of cold
 t - a staff of earth (weapon)
Jewellery
 u - an amulet of reflection (around neck)
Wands
 n - a wand of flame (12) (quivered)
 w - a wand of polymorph (7)
 B - a wand of paralysis (4)
Scrolls
 c - 2 scrolls of immolation
 i - 3 scrolls of teleportation
 l - 2 scrolls of vulnerability
 v - a scroll of blinking
 y - a scroll of magic mapping {unknown}
Potions
 a - a potion of lignification {unknown}
 b - 2 potions of magic
 d - 4 potions of ambrosia {unknown}
 e - a potion of brilliance
 h - 2 potions of flight
 m - a potion of berserk rage
 o - 2 potions of heal wounds
 q - 2 potions of might
 r - a potion of haste
 s - 3 potions of curing {unknown}
Miscellaneous
 A - a lightning rod (4/4)


   Skills:
 - Level 2.4 Dodging
 - Level 1.4 Stealth
 - Level 10.0 Spellcasting
 - Level 4.2 Conjurations
 - Level 9.0 Necromancy
 + Level 5.8 Transmutations
 + Level 1.7 Ice Magic
 - Level 10.0 Earth Magic
 - Level 5.1 Poison Magic
 - Level 9.0 Invocations


You had 10 spell levels left.
You knew the following spells:

 Your Spells              Type           Power      Damage    Failure   Level
a - Sandblast             Erth           100%       2d20      1%          1
b - Passwall              Tmut/Erth      50%        N/A       1%          2
c - Stone Arrow           Conj/Erth      100%       3d13      1%          3
d - Borgnjor's Vile Clut  Necr/Erth      33%        N/A       4%          5
e - Eringya's Noxious Bo  Tmut/Pois      16%        N/A       80%         6
f - Frozen Ramparts       Ice            34%        1d6       13%         3

Your spell library contained the following spells:

 Spells                   Type           Power      Damage    Failure   Level
 Petrify                  Tmut/Erth      60%        N/A       3%          4
 Freeze                   Ice            68%        1d8       4%          1
 Hailstorm                Conj/Ice       22%        3d7       26%         4
 Alistair's Intoxication  Tmut/Pois      22%        N/A       26%         5


Dungeon Overview and Level Annotations

Branches:
Dungeon (12/15) Zot: 4794  Temple (1/1) D:5 Zot: 515    Lair (1/5) D:8 Zot: 558
    Orc: D:9-12

Altars:
Dithmenos
Fedhas
Makhleb
Nemelex Xobeh
Okawaru
Qazlal
Sif Muna
Trog
Vehumet
Wu Jian
Xom
Zin

Annotations:
D:4 Sigmund
D:12 Erolcha, Rupert


Innate Abilities, Weirdness & Mutations

You passively map the area around you.
You are easily found by Zot.
You glow in the dark.
You regain HP and MP as you explore.


Message History

The zombie hands constrict the boulder beetle!
The wall freezes the boulder beetle but does no damage.
The boulder beetle struggles to escape constriction.
The wall freezes the boulder beetle.
The boulder beetle struggles to escape constriction.
Unknown command.
Casting: Stone Arrow (safe; 1% risk of failure)
Confirm with . or Enter, or press ? or * to list all spells.
Aiming: Sandblast (safe; 1% risk of failure)
Press: ? - help, Shift-Dir - straight line, f/p - boulder beetle
Aim: a boulder beetle (sparse dust, almost dead, rolling, constricted by zombie hands, 100% to hit)
You feel a surge of power!
The blast of sand hits the boulder beetle but does no damage.
The boulder beetle is almost dead.
The zombie hands constrict the boulder beetle, but do no damage.
The zombie hands release their grip on the boulder beetle.
The wall freezes the boulder beetle but does no damage. x2
The boulder beetle hits you.
The boulder beetle stops rolling and uncurls.
Aiming: Throw Flame
Press: ? - help, Shift-Dir - straight line, f/p - boulder beetle
Aim: a boulder beetle (almost dead, 100% to hit)
The puff of flame hits the boulder beetle but does no damage.
The boulder beetle is almost dead.
The wall freezes the boulder beetle but does no damage.
The boulder beetle bites you!
Unknown command.
The wall freezes the boulder beetle but does no damage.
The boulder beetle bites you!
Casting: Sandblast (safe; 1% risk of failure)
Confirm with . or Enter, or press ? or * to list all spells.
Aiming: Stone Arrow (safe; 1% risk of failure)
Press: ? - help, Shift-Dir - straight line, f/p - boulder beetle
Aim: a boulder beetle (almost dead, 100% to hit)
You feel a surge of power!
The stone arrow hits the boulder beetle.
The boulder beetle is almost dead.
The wall freezes the boulder beetle but does no damage.
The boulder beetle bites you!!
You die...

* *
##...#(.........
* ,,,
#.....>.........
* *
##.>.##)#.######
, * **
##.###.#.# , #.#
#.#.# ##.# #.#.#
*, , **** #..#
#.#.# *, , , ,
#.## *.. , , * *
#@# ## * * * #B#
,#.#* ,
*#.).#.#* *
#...#.*#.. ,
#.#,..* ### * #
#.#, ,* , , #.*,
* * * * * #. , ,
**


You could see a boulder beetle.

Vanquished Creatures
  2 two-headed ogres
  Amaemon (Lair:1)
  Pikel (D:7)
  A cyclops (D:11)
  Joseph (D:7)
  A cane toad (Lair:1)
  An orange demon (Lair:1)
  A troll (D:10)
  Prince Ribbit (D:5)
  A blink frog (D:8)
  A wraith (D:9)
  2 wyverns
  A vampire (D:9)
  A steam dragon (D:10)
  Menkaure (D:7)
  2 wargs
  An acid dragon (D:9)
  2 water moccasins
  10 ice beasts (D:9)
  3 orc warriors
  2 ogres (D:5)
  A centaur (D:11)
  A phantom (D:7)
  A kobold brigand (D:7)
  A gnoll sergeant (D:7)
  3 bullfrogs
  A necrophage (D:7)
  4 wights (D:7)
  3 howler monkeys (D:9)
  A hound (D:7)
  3 gnoll boudas
  2 orc priests
  2 jellies (D:2)
  An iguana (D:5)
  10 orc wizards
  18 gnolls
  3 adders
  2 white imps
  3 worms
  24 orcs
  2 bats
  12 endoplasms
  A giant cockroach (D:1)
  4 goblins
  3 hobgoblins
  17 kobolds
  3 quokkas
  4 ball pythons
  4 frilled lizards
  2 rats (D:2)
173 creatures vanquished.

Vanquished Creatures (others)
  6 fungi (D:2)
  9 toadstools (D:2)
15 creatures vanquished.

Grand Total: 188 creatures vanquished

Notes
Turn   | Place    | Note
-------+----------+-------------------------------------------
     0 | D:1      | redmage the Meteoran Earth Elementalist began the quest for
                  | the Orb.
     0 | D:1      | Reached XP level 1. HP: 14/14 MP: 5/5
   147 | D:1      | Reached XP level 2. HP: 20/20 MP: 4/6
   186 | D:2      | Learned a level 2 spell: Passwall
   197 | D:2      | Reached XP level 3. HP: 16/26 MP: 3/9
   201 | D:2      | Learned a level 3 spell: Stone Arrow
   258 | D:2      | Reached XP level 4. HP: 33/33 MP: 6/10
   347 | D:2      | Reached skill level 5 in Earth Magic
   347 | D:2      | Reached XP level 5. HP: 9/38 MP: 7/12
   443 | D:3      | Learned a level 5 spell: Borgnjor's Vile Clutch
   519 | D:3      | Reached skill level 5 in Spellcasting
   519 | D:3      | Reached skill level 1 in Conjurations
   519 | D:3      | Reached XP level 6. HP: 44/45 MP: 9/14
   570 | D:4      | Found a shadowy altar of Dithmenos.
   587 | D:5      | Entered Level 5 of the Dungeon
   638 | D:4      | Noticed a wyvern
   647 | D:4      | Killed a wyvern
   648 | D:4      | Reached XP level 7. HP: 43/50 MP: 4/16
   727 | D:4      | Identified the +7 mace of a ziggurat {vorpal, rCorr}
   904 | D:4      | Noticed a water moccasin
   906 | D:4      | Killed a water moccasin
   958 | D:4      | Noticed Sigmund
   979 | D:5      | Reached XP level 8. HP: 43/57 MP: 10/18
  1063 | D:5      | Found a staircase to the Ecumenical Temple.
  1078 | Temple   | Entered the Ecumenical Temple
  1117 | Temple   | Became a worshipper of Sif Muna the Loreminder
  1248 | D:7      | Reached skill level 1 in Necromancy
  1249 | D:7      | Reached skill level 1 in Invocations
  1255 | D:7      | Noticed Menkaure
  1258 | D:7      | Killed Menkaure
  1296 | D:7      | Noticed Pikel
  1296 | D:7      | Noticed Joseph
  1327 | D:7      | Killed Pikel
  1328 | D:7      | Gained mutation: You passively map the area around you.
                  | [Meteoran growth]
  1328 | D:7      | Reached XP level 9. HP: 53/62 MP: 9/21
  1354 | D:5      | Noticed Prince Ribbit
  1360 | D:5      | Killed Prince Ribbit
  1361 | D:5      | Reached skill level 5 in Necromancy
  1436 | D:7      | Killed Joseph
  1541 | D:7      | Learned a level 6 spell: Eringya's Noxious Bog
  1546 | D:8      | Reached * piety under Sif Muna
  1601 | D:7      | Reached XP level 10. HP: 69/69 MP: 15/23
  1625 | D:9      | Noticed a two-headed ogre
  1682 | D:8      | Found a staircase to the Lair.
  1747 | Lair:1   | Entered Level 1 of the Lair of Beasts
  1747 | Lair:1   | Noticed Amaemon
  1747 | Lair:1   | Noticed an orange demon
  1749 | Lair:1   | Noticed a cane toad
  1750 | Lair:1   | Killed an orange demon
  1754 | Lair:1   | Killed Amaemon
  1755 | Lair:1   | Reached skill level 1 in Poison Magic
  1759 | Lair:1   | Killed a cane toad
  1760 | Lair:1   | Reached skill level 5 in Invocations
  1784 | Lair:1   | Noticed a cane toad
  1828 | D:8      | Reached skill level 10 in Earth Magic
  1864 | D:9      | Reached XP level 11. HP: 45/74 MP: 16/25
  1877 | D:9      | Reached ** piety under Sif Muna
  1948 | D:9      | Found an ornate altar of the Wu Jian Council.
  1957 | D:9      | Reached skill level 10 in Spellcasting
  2041 | D:9      | Killed a two-headed ogre
  2076 | D:10     | Entered Level 10 of the Dungeon
  2104 | D:10     | Reached skill level 5 in Transmutations
  2224 | D:10     | Noticed a two-headed ogre
  2228 | D:10     | Killed a two-headed ogre
  2229 | D:10     | Reached skill level 5 in Poison Magic
  2245 | D:10     | Learned a level 3 spell: Frozen Ramparts
  2257 | D:9      | Identified the +6 hand axe of Trauma {flame, Int+3}
  2365 | D:11     | Noticed a cyclops
  2374 | D:11     | Killed a cyclops
  2375 | D:11     | Reached skill level 1 in Ice Magic
  2383 | D:12     | Noticed a manticore
  2402 | D:12     | Noticed Erolcha
  2402 | D:12     | Noticed Rupert
  2411 | D:11     | Noticed a boulder beetle
  2425 | D:11     | Slain by a boulder beetle

Illustrated notes

Levels and vault maps discovered:
D:1:      heliophobic_arrival_glass_houses, layout_basic,
          dreamdust_ecumenical_altar_statues
D:2:      cheibrodos_fertilizer, layout_loops_ring
D:3:      layout_rooms
D:4:      layout_gridville, lemuel_crystal_altar, uniq_sigmund
D:5:      layout_basic, kennysheep_little_box, mainiacjoe_overflow_boulevard,
          minmay_temple_entry_statues, uniq_prince_ribbit1
D:6:      lemuel_ice_spiral_2, layout_basic, serial_shops, shop_fountains
D:7:      layout_basic, uniq_pikel, uniq_joseph, uniq_menkaure
D:8:      layout_cave_pods, mainiacjoe_overflow_24_doors,
          erik_lair_orcish_takeover
D:9:      minmay_twisted_water, layout_loops_ring, mainiacjoe_overflow_paths,
          enter_bailey_2
D:10:     layout_loops_ring, ebering_ghost_funeral_grove
D:11:     layout_loops_ring, minmay_hedge_maze
D:12:     layout_rooms, orc_0_dummy, grunt_gozag_statues, uniq_erolcha,
          uniq_rupert
Temple:   bh_familiar_temple
Lair:1:   layout_hall_layers, uniq_harold, uniq_amaemon

Skill      XL: |  1  2  3  4  5  6  7  8  9 10 11 |
---------------+----------------------------------+-----
Spellcasting   | 3 4 5 6 7 8 9 10 | 10.0
Earth Magic    | 4 5 6 7 8 10 | 10.0
Conjurations   | 1 2 3 4 |  4.2
Necromancy     | 4 6 8 9 |  9.0
Invocations    | 3 5 9 |  9.0
Transmutations | 3 5 |  5.8
Poison Magic   | 2 5 |  5.1
Ice Magic      | 1 |  1.7
Dodging        | |  2.4
Stealth        | |  1.4

Action                   |  1- 3 |  4- 6 |  7- 9 | 10-12 || total
-------------------------+-------+-------+-------+-------++-------
Melee: Staff             |       |     1 |     1 |     1 ||     3
       Mace              |       |       |       |     2 ||     2
 Cast: Sandblast         |    25 |    61 |    53 |    56 ||   195
       Passwall          |       |     1 |    11 |     5 ||    17
       Stone Arrow       |       |     5 |    25 |    30 ||    60
       Borgnjor's Vile C |       |       |     4 |    32 ||    36
       Frozen Ramparts   |       |       |       |     1 ||     1
Invok: Channel Magic     |       |       |       |     3 ||     3
Evoke: Wand              |       |       |     1 |     4 ||     5
  Use: Scroll            |       |     9 |     3 |     2 ||    14
       Potion            |       |       |     1 |       ||     1
Armor: Robe              |       |     7 |     5 |     1 ||    13
       Leather armour    |       |       |       |     7 ||     7
Dodge: Dodged            |    11 |    12 |    25 |    15 ||    63
Block: Other             |       |       |       |    12 ||    12
       Reflection        |       |       |       |     1 ||     1
